 Dungeon Crawl Stone Soup version 0.20-a0-307-gd0bf4df (webtiles) character file.

1327 AlphabetPasta the Charlatan (level 8, -3/68 HPs)
             Began as a Minotaur Artificer on Dec 18, 2016.
             Was a Believer of Qazlal.
             Slain by a gnoll
             ... wielding a +0 flail
              (4 damage)
             ... on level 5 of the Dungeon.
             The game lasted 00:19:56 (5403 turns).

AlphabetPasta the Charlatan (Minotaur Artificer)    Turns: 5403, Time: 00:19:57

Health: -3/68      AC:  8    Str: 19    XL:     8   Next: 34%
Magic:  20/20      EV:  6    Int:  8    God:    Qazlal [**....]
Gold:   38         SH:  0    Dex: 11    Spells: 7/7 levels left

rFire  . . .     SeeInvis .     v - +0 war axe
rCold  . . .     Gourm    .     p - +0 scale mail
rNeg   . . .     Faith    .     (no shield)
rPois  .         Spirit   .     (helmet restricted)
rElec  .         Reflect  .     (no cloak)
rCorr  +         Harm     .     z - +0 pair of gloves
MR     .....                    (no boots)
Stlth  ..........               (no amulet)
                                A - ring of resist corrosion
                                k - ring of magical power

@: about to teleport, held
A: retaliatory headbutt, horns 2
a: Upheaval, Renounce Religion


You were on level 5 of the Dungeon.
You worshipped Qazlal.
Qazlal was pleased with you.
You were hungry.

You visited 1 branch of the dungeon, and saw 5 of its levels.

You collected 218 gold pieces.
You spent 180 gold pieces at shops.

Inventory:

Hand Weapons
 a - a +0 short sword
 o - a +1 short sword of speed
 v - a +0 war axe (weapon)
Missiles
 i - 21 bolts
 s - 3 javelins of penetration (quivered)
Armour
 b - a +0 leather armour
 p - a +0 scale mail (worn)
 z - a +0 pair of gloves (worn)
Jewellery
 k - a ring of magical power (left hand)
 r - an uncursed ring of ice
 A - a ring of resist corrosion (right hand)
Wands
 c - a wand of flame (20/48)
 d - a wand of enslavement (14/24)
 e - a wand of random effects (4/48)
Scrolls
 g - 2 scrolls of amnesia {unknown}
 h - 5 scrolls of identify
 j - 3 scrolls of remove curse
 m - a scroll of enchant weapon {unknown}
 n - a scroll of teleportation
 q - a scroll of recharging
 x - a scroll of fog {unknown}
 y - a scroll of blinking
Potions
 t - 3 potions of flight
Comestibles
 f - 5 bread rations
 l - 2 beef jerkies
 u - 7 chunks of flesh


   Skills:
 + Level 5.2 Fighting
 - Level 1.1 Short Blades
 * Level 3.4 Axes
 + Level 4.8 Armour
 + Level 5.3 Dodging
 - Level 0.7 Stealth
 * Level 6.1 Evocations


You had 7 spell levels left.
You didn't know any spells.

Dungeon Overview and Level Annotations

Branches:
Dungeon (5/15)
 Temple: D:4-7

Altars:
Qazlal
Trog
Uskayaw
Yredelemnul
Zin
The Shining One

Shops:
D:4 (   D:5 ?

Annotations:
D:2 1 runed door


Innate Abilities, Weirdness & Mutations

You reflexively headbutt those who attack you in melee.
You have a pair of horns on your head.


Message History

The gnoll hits you with a flail.
* * * LOW HITPOINT WARNING * * *
You feel better. The gnoll hits you with a flail!
* * * LOW HITPOINT WARNING * * *
The gnoll hits you but does no damage.
A gnoll comes into view. It is wielding a flail.
As you read the scroll of teleportation, it crumbles to dust.
You feel strangely unstable.
The gnoll shouts!
The centaur unwields an uncursed shortbow.
The centaur hits you.
* * * LOW HITPOINT WARNING * * *
The centaur hits you!
* * * LOW HITPOINT WARNING * * *
A gnoll comes into view. It is wielding a spear.
Okay, then.
You struggle against the net.
The gnoll shouts!
The gnoll hits you with a flail.
You die...

.# #.< ##.## #.## ... .
... ..#.###### #.##
########.#.##...###.#.
.....................
######..c..###<.........
.g.hg..@.g.'.'..........
g..###.gg.[###........<#
#####.((..........#
#..†..####.....
#...)..........
####...........
#...........
#...........
#.......#...


You could see a centaur, a hound and 6 gnolls.

Vanquished Creatures
  Sigmund (D:5)
  Eustachio (D:4)
  Edmund (D:4)
  2 phantoms
  2 ogres (D:5)
  2 scorpions
  A human zombie (D:2)
  A hound (D:5)
  3 orc priests
  2 orc wizards
  An iguana (D:5)
  A centaur skeleton (D:5)
  A hound zombie (D:5)
  4 gnolls (D:5)
  3 adders
  2 oozes
  2 dart slugs
  3 worms
  4 leopard geckos
  8 orcs
  7 giant cockroaches
  12 goblins
  10 hobgoblins
  13 jackals
  3 ball pythons
  A ball python skeleton (D:4)
  11 bats
  7 frilled lizards
  A jackal skeleton (D:2)
  6 kobolds
  7 rats
123 creatures vanquished.

Notes
Turn   | Place    | Note
-------+----------+-------------------------------------------
     0 | D:1      | AlphabetPasta the Minotaur Artificer began the quest for the Orb.
     0 | D:1      | Reached XP level 1. HP: 16/16 MP: 1/1
   135 | D:1      | Reached XP level 2. HP: 23/24 MP: 3/3
   465 | D:1      | Reached skill level 3 in Evocations
   530 | D:1      | Reached skill level 1 in Armour
   709 | D:2      | Found a runed door.
   709 | D:2      | Noticed a human
   714 | D:2      | Reached XP level 3. HP: 29/29 MP: 4/4
  1284 | D:2      | Found a basalt altar of Yredelemnul.
  1299 | D:2      | Reached XP level 4. HP: 37/37 MP: 5/5
  2413 | D:3      | Found a glowing silver altar of Zin.
  2549 | D:3      | Found a bloodstained altar of Trog.
  2549 | D:3      | Found a glowing golden altar of the Shining One.
  2831 | D:3      | Reached XP level 5. HP: 20/45 MP: 6/6
  3012 | D:3      | Reached skill level 4 in Evocations
  3162 | D:3      | Reached XP level 6. HP: 41/51 MP: 8/8
  3473 | D:3      | Found a faded altar of an unknown god.
  3480 | D:3      | Became a worshipper of Qazlal Stormbringer
  3480 | D:3      | Reached * piety under Qazlal
  3762 | D:4      | Noticed Eustachio
  4044 | D:4      | Killed Eustachio
  4044 | D:4      | Reached XP level 7. HP: 44/59 MP: 9/9
  4083 | D:4      | Reached skill level 5 in Evocations
  4084 | D:4      | Noticed Edmund
  4267 | D:4      | Found a stormy altar of Qazlal.
  4346 | D:4      | Killed Edmund
  4699 | D:4      | Found Suwkaopo's Weapon Shoppe.
  4707 | D:4      | Bought a +0 war axe for 42 gold pieces
  4989 | D:5      | Entered Level 5 of the Dungeon
  5001 | D:5      | Reached skill level 1 in Axes
  5231 | D:5      | Found Curraitu's Magic Scroll Shoppe.
  5240 | D:5      | Bought a scroll of identify for 24 gold pieces
  5240 | D:5      | Bought a scroll of blinking for 90 gold pieces
  5240 | D:5      | Bought a scroll of identify for 24 gold pieces
  5253 | D:5      | Found a hide-covered altar of Uskayaw.
  5256 | D:5      | Noticed Sigmund
  5266 | D:5      | Killed Sigmund
  5266 | D:5      | Reached skill level 5 in Fighting
  5266 | D:5      | Reached skill level 5 in Dodging
  5266 | D:5      | Reached XP level 8. HP: 66/68 MP: 11/11
  5305 | D:5      | Found a basalt altar of Yredelemnul.
  5310 | D:5      | Reached skill level 6 in Evocations
  5389 | D:5      | Reached ** piety under Qazlal
  5402 | D:5      | HP: 1/68 [centaur (7)]
  5403 | D:5      | Slain by a gnoll

Vault maps used:
D:1:      lightli_arrival_maybe_door_vault
D:2:      dk_yredelemnul_ordeal
D:3:      old_standard_altar, grunt_temple_overflow_open,
          chequers_ecumenical_altar_simple, minmay_tree_intersection
D:4:      nicolae_overflow_crystal_walls, serial_co_window_serial,
          co_window_cross_1, co_window_cross_1, co_window_paths_a,
          co_window_cross_1, co_window_corner_a, co_window_unsneaky_path_e,
          co_window_2corner, co_window_2corner, co_window_corner_cb,
          co_window_corner_ca, glass_columns_b, serial_shops,
          nicolae_shop_crystal, first_bread, kennysheep_generic_room_13,
          uniq_edmund, uniq_eustachio
D:5:      lemuel_doored_altar, overflow_temple_1_default, serial_shops, shop,
          serial_bayou_crossing, uniq_sigmund

Skill      XL: |  1  2  3  4  5  6  7  8 |
---------------+-------------------------+-----
Fighting       | 2 3 4 5 |  5.2
Evocations     | 3 4 5 6 |  6.1
Armour         | 1 2 3 4 |  4.8
Dodging        | 3 4 5 |  5.3
Axes           | 2 3 |  3.4
Short Blades   | |  1.1
Stealth        | |  0.7

Action                   |  1- 3 |  4- 6 |  7- 9 || total
-------------------------+-------+-------+-------++-------
Melee: Short sword       |    82 |   237 |    47 ||   366
       Headbutt          |    13 |    28 |    24 ||    65
       War axe           |       |       |    55 ||    55
Throw: Javelin           |       |    12 |       ||    12
Evoke: Wand              |     1 |    17 |    16 ||    34
  Use: Scroll            |     5 |     2 |     2 ||     9
       Potion            |       |     1 |     2 ||     3
 Stab: Paralysed         |     1 |       |       ||     1
       Distracted        |       |       |     1 ||     1
  Eat: Chunk             |     1 |     8 |       ||     9
       Meat ration       |       |     1 |       ||     1
Armor: Leather armour    |    14 |    28 |       ||    42
       Scale mail        |       |    44 |    21 ||    65
Dodge: Dodged            |    43 |   167 |    62 ||   272
Block: Other             |       |     8 |     4 ||    12
